 Dungeon Crawl Stone Soup version 0.29-a0-330-g52719c12eb (webtiles) character file.

Game seed: 1714618414914009842

21 dolemite99 the Twirler (level 2, 22/22 HPs)
             Began as a Demonspawn Gladiator on Apr 12, 2022.
             Was a Follower of Vehumet.
             Quit the game on level 1 of the Dungeon.
             The game lasted 00:00:37 (797 turns).

dolemite99 the Twirler (Demonspawn Gladiator)        Turns: 797, Time: 00:00:38

Health: 22/22      AC:  6    Str: 14    XL:     2   Next: 62%
Magic:  2/2        EV: 11    Int:  9    God:    Vehumet [*.....]
Gold:   28         SH:  0    Dex: 14    Spells: 1/1 levels left

rFire   . . .      SeeInvis .   a - +0 quarterstaff
rCold   . . .      Faith    .   (shield currently unavailable)
rNeg    . . .      Spirit   .   i - +0 ring mail
rPois   .          Reflect  .   c - +0 helmet
rElec   .          Harm     .   (no cloak)
rCorr   .          Rampage  .   (no gloves)
Will    .....                   (no boots)
Stlth   +.........              (no amulet)
HPRegen 0.07/turn               (no ring)
MPRegen 0.08/turn               (no ring)

@: no status effects
A: demonic touch 1
a: Renounce Religion


You were on level 1 of the Dungeon.
You worshipped Vehumet.
Vehumet was aware of your devotion.
You visited 1 branch of the dungeon, and saw 1 of its levels.

You collected 28 gold pieces.

Inventory:

Hand Weapons
 a - a +0 quarterstaff (weapon)
Missiles
 d - 3 throwing nets (quivered)
 e - a javelin
Armour
 b - a +0 leather armour
 c - a +0 helmet (worn)
 i - a +0 ring mail (worn)
Jewellery
 h - a ring of protection from fire
Scrolls
 j - a scroll of identify {unknown}
Potions
 f - 2 potions of curing {unknown}
 g - a potion of mutation {unknown}
 k - a potion of attraction {unknown}


   Skills:
 - Level 2.0 Fighting
 + Level 3.6 Staves
 - Level 1.7 Throwing
 - Level 2.6 Dodging


You had one spell level left.
You didn't know any spells.
Your spell library contained the following spells:

 Spells                   Type           Power      Damage    Failure   Level
 Shock                    Conj/Air       0%         1d3       63%         1
 Foxfire                  Conj/Fire      0%         2x1d4     63%         1


Dungeon Overview and Level Annotations

Branches:
Dungeon (1/15)

Altars:
Vehumet


Innate Abilities, Weirdness & Mutations

Your touch may inflict minor irresistible damage on your foes.


Message History

No target in view!
No target in view!
No target in view!
You see here a +0 ring mail.
i - a +0 ring mail You start removing your armour.
You continue taking off your +0 leather armour. x4
You finish taking off your +0 leather armour.
You start putting on your armour.
You continue putting on your +0 ring mail. x5
You finish putting on your +0 ring mail.
j - a scroll labelled WUD VUTID
f - 2 emerald potions (gained 1)
Found a dagger.
k - a red potion No target in view!
No target in view!
No target in view!
No target in view!
You see here a +0 dagger.
A rat comes into view.
You sock the rat!
You kill the rat!
You see here a rat corpse.
Found a faded altar of an unknown god.
No target in view!
No target in view!
No target in view!
You now have 28 gold pieces (gained 11).
There are no items here.
You pick up Plato's Almanac of Fire and begin reading...
You add the spell Foxfire to your library.
There is a faded altar of an unknown god here.
There are no items here.
You cannot tell which god this altar belongs to.
Convert to them anyway?
Vehumet accepts your prayer! Vehumet welcomes you!
You can now gain magical power from killing.
Vehumet offers you knowledge of Shock.
Are you sure you want to abandon this character and quit the game? (Confirm with "yes".)

##########.# #
#.........#.# .
##..P#####P...# ######
##...#.P.P.#...## #.....
#...#.#####.#...# #.####
##.P#.#.P...#.#..####.####
#..#.#.#####.#.#..)......#
#..#P#P#._.#P#.#..###.##.#
#....^..^@^..^^^..# #.##.#
#.................# #.##.#
#.#..############.# #.....
#.................###.##.#
#################.....##.#
#.###..... #.# ####.# #.#
#.# #.######.#


There were no monsters in sight!

Vanquished Creatures
  An endoplasm (D:1)
  A giant cockroach (D:1)
  2 goblins (D:1)
  3 hobgoblins (D:1)
  2 jackals (D:1)
  4 ball pythons (D:1)
  A frilled lizard (D:1)
  4 kobolds (D:1)
  A rat (D:1)
19 creatures vanquished.

Notes
Turn   | Place    | Note
-------+----------+-------------------------------------------
     0 | D:1      | dolemite99 the Demonspawn Gladiator began the quest for the
                  | Orb.
     0 | D:1      | Reached XP level 1. HP: 16/16 MP: 1/1
    91 | D:1      | Reached skill level 3 in Staves
   275 | D:1      | Gained mutation: Your touch may inflict minor irresistible
                  | damage on your foes. [demonic ancestry]
   275 | D:1      | Reached XP level 2. HP: 22/22 MP: 2/2
   779 | D:1      | Found a faded altar of an unknown god.
   794 | D:1      | Got Plato's Almanac of Fire
   795 | D:1      | Prayed at the altar of an unknown god.
   795 | D:1      | Became a worshipper of Vehumet
   795 | D:1      | Reached * piety under Vehumet
   795 | D:1      | Offered knowledge of Shock by Vehumet.
   797 | D:1      | Quit the game

Illustrated notes

Levels and vault maps discovered:
D:1:      giann_horns, layout_loops_ring, shapermc_ecumenical_altar_rom_forum

Skill      XL: |  1 |
---------------+----+-----
Staves         | 3 |  3.6
Fighting       | |  2.0
Throwing       | |  1.7
Dodging        | |  2.6

Action                   || total
-------------------------++-------
Melee: Quarterstaff      ||    39
Armor: Leather armour    ||    10
Dodge: Dodged            ||    29

Table legend: (Time is in decaauts)
 A = Elapsed time spent in this place.
 B = Non-inter-level travel time spent in this place.
 C = Inter-level travel time spent in this place.
 D = Time resting spent in this place.
 E = Time spent auto-exploring this place.
 F = Levels seen in this place.
 G = Mean time per level.
                   A        B        C        D        E       F      G
               +--------+--------+--------+--------+--------+-----+--------+
         Total |    802 |    802 |      0 |    123 |    546 |   1 |  802.0 |
       Dungeon |    802 |    802 |      0 |    123 |    546 |   1 |  802.0 |
               +--------+--------+--------+--------+--------+-----+--------+

Top non-repeatable levels by time:
     D:1: 802 daAuts
